 Dungeon Crawl Stone Soup version 0.29.0-4-gdea44cf6ec (webtiles) character file.

Game seed: 2397025535411697722

11 qw the Chopper (level 2, 0/17 HPs)
             Began as a Tengu Warper on Aug 28, 2022.
             Slain by a bat (1 damage)
             ... on level 1 of the Dungeon.
             The game lasted 00:00:01 (297 turns).

qw the Chopper (Tengu Warper)                        Turns: 297, Time: 00:00:01

Health: 0/17       AC:  3    Str: 11    XL:     2   Next: 25%
Magic:  6/6        EV: 11    Int: 13    God:
Gold:   13         SH:  0    Dex: 13    Spells: 5/5 levels left

rFire   . . .      SeeInvis .   a - +0 hand axe
rCold   . . .      Faith    .   (no shield)
rNeg    . . .      Spirit   .   b - +0 leather armour
rPois   .          Reflect  .   (helmet restricted)
rElec   .          Harm     .   (no cloak)
rCorr   .          Rampage  .   (no gloves)
Will    .....                   (boots unavailable)
Stlth   +.........              (no amulet)
HPRegen 0.05/turn               (no ring)
MPRegen 0.10/turn               (no ring)

@: no status effects
A: beak, talons 3
a: no special abilities


You were on level 1 of the Dungeon.
You visited 1 branch of the dungeon, and saw 1 of its levels.

You collected 13 gold pieces.


Innate Abilities, Weirdness & Mutations

You have a beak for a mouth.
You have claws for feet.


   Skills:
 - Level 2.0 Fighting
 + Level 3.2 Axes
 - Level 1.0 Throwing
 - Level 1.1 Armour
 - Level 2.1 Dodging
 - Level 2.0 Spellcasting
 - Level 2.4 Translocations


You had 5 spell levels left.
You didn't know any spells.
Your spell library contained the following spells:

 Spells                   Type           Power      Damage    Failure   Level
 Blink                    Tloc           14%        N/A       19%         2
 Gell's Gravitas          Tloc           7%         N/A       36%         3
 Lesser Beckoning         Tloc           7%         N/A       36%         3
 Teleport Other           Tloc           7%         N/A       36%         3
 Manifold Assault         Tloc           7%         N/A       98%         5

Inventory:

Hand Weapons
 a - a +0 hand axe (weapon)
 h - a +0 club
Missiles
 d - a boomerang of dispersal (quivered)
Armour
 b - a +0 leather armour (worn)
Jewellery
 g - an amulet of magic regeneration
Scrolls
 c - a scroll of blinking
 f - a scroll of noise {unknown}
 j - a scroll of teleportation {unknown}
Potions
 e - a potion of might {unknown}
 i - a potion of mutation {unknown}

Dungeon Overview and Level Annotations

Branches:
Dungeon (1/15)

Altars:


Message History

You kill the kobold!
You hit the jackal. You hit the jackal but do no damage.
The jackal bites you but does no damage. x3
You hit the jackal.
You kill the jackal!
You closely miss the jackal. You barely miss the jackal.
The jackal barely misses you.
The jackal bites you but does no damage. x2
Your Axes skill increases to level 3!
You have reached level 2!
You hit the jackal. You claw the jackal, but do no damage.
The jackal is heavily wounded.
You hit the rat but do no damage. You hit the jackal.
The jackal barely misses you. The rat bites you but does no damage.
The jackal bites you. x2; The rat bites you but does no damage.
You closely miss the jackal. You claw the jackal.
You kill the jackal!
You completely miss the jackal. You hit the rat.
You kill the rat!
The jackal barely misses you. The jackal closely misses you.
You hit the jackal. You peck the jackal.
You kill the jackal!
You start resting.
A jackal is nearby!
271 ||| Stepping ~*~*~tactically~*~*~ (stealth).
You start resting.
A jackal is nearby!
273 ||| Stepping ~*~*~tactically~*~*~ (stealth).
You start resting.
A bat comes into view.
The bat closely misses you. The bat hits you. The bat hits you.
The bat barely misses you. The bat hits you but does no damage.
The bat barely misses you. The bat hits you.
The bat hits you but does no damage.
You miss the bat. The bat hits you. x3
You die...

#........... #..........#
#.........## #........##.
#.......##.. #.......#...
#####...'... .
###########...####
...#####@b....>..........
.h....%#.###############.
#h.).......... #.
#.#.#.####.#.# #. #.#.#
#. #.#.# #. #.#.# #.
#.#.# ## #.#.#


You could see a bat.

Vanquished Creatures
  2 goblins (D:1)
  3 jackals (D:1)
  2 kobolds (D:1)
  A bat (D:1)
  A rat (D:1)
9 creatures vanquished.

Notes
Turn   | Place    | Note
-------+----------+-------------------------------------------
     0 | D:1      | qw the Tengu Warper began the quest for the Orb.
     0 | D:1      | Reached XP level 1. HP: 12/12 MP: 4/4
     0 | D:1      | 0 ||| qw: Version: 0.1-a-89-g26bdef1
     0 | D:1      | 0 ||| qw: Game counter: 2639
     0 | D:1      | 0 ||| qw: Always use a shield: true
     0 | D:1      | 0 ||| qw: God list: Okawaru
     0 | D:1      | 0 ||| qw: Allow faded altars: false
     0 | D:1      | 0 ||| qw: Do Orc after D:15 true
     0 | D:1      | 0 ||| qw: Do second Lair branch before Depths: true
     0 | D:1      | 0 ||| qw: Lair rune preference: random
     0 | D:1      | 0 ||| qw: Plans: Normal
     0 | D:1      | 0 ||| PLANNING D:1-11
   198 | D:1      | 198 ||| Stepping ~*~*~tactically~*~*~ (stealth).
   203 | D:1      | HP: 3/12 [kobold/+0 short sword (3)]
   206 | D:1      | Reached skill level 3 in Axes
   206 | D:1      | Reached XP level 2. HP: 4/17 MP: 6/6
   206 | D:1      | HP: 1/17 [jackal (2)]
   271 | D:1      | 271 ||| Stepping ~*~*~tactically~*~*~ (stealth).
   273 | D:1      | 273 ||| Stepping ~*~*~tactically~*~*~ (stealth).
   291 | D:1      | HP: 4/17 [bat (1)]
   297 | D:1      | HP: 2/17 [bat (1)]
   297 | D:1      | Slain by a bat

Levels and vault maps discovered:
D:1:      giann_horns, layout_basic, shapermc_ecumenical_altar_pompeii

Skill      XL: |  1 |
---------------+----+-----
Axes           | 3 |  3.2
Fighting       | |  2.0
Throwing       | |  1.0
Armour         | |  1.1
Dodging        | |  2.1
Spellcasting   | |  2.0
Translocations | |  2.4

Action                   || total
-------------------------++-------
Melee: Hand axe          ||    20
       Peck              ||     4
       Kick              ||     2
Throw: Boomerang         ||     6
Armor: Leather armour    ||    15
Dodge: Dodged            ||    14

Table legend:
 A = Non-vault XP
 B = Vault XP
 C = Vault XP percentage of total XP
 D = Non-vault monster count
 E = Vault monster count
 F = Vault count percentage of total count
                 A         B        C        D         E       F
            +---------+---------+-------+---------+---------+-------
      Total |      16 |       0 |   0.0 |       9 |       0 |   0.0
            +---------+---------+-------+---------+---------+-------
        D:1 |      16 |       0 |   0.0 |       9 |       0 |   0.0
            +---------+---------+-------+---------+---------+-------
